 Dungeon Crawl Stone Soup version 0.28.0-53-g5a82cb258f (webtiles) character file.

Game seed: 17926548000878161867

133 CryoSword the Conjurer (level 5, 0/35 HPs)
             Began as a Human Conjurer on May 31, 2022.
             Slain by an orc wizard
             ... wielding a +3 dagger
              (3 damage)
             ... on level 4 of the Dungeon.
             The game lasted 00:02:56 (3223 turns).

CryoSword the Conjurer (Human Conjurer)             Turns: 3223, Time: 00:02:57

Health: 0/35       AC:  2    Str:  9    XL:     5   Next: 40%
Magic:  1/8        EV: 12    Int: 19    God:
Gold:   129        SH:  0    Dex: 11    Spells: 5/8 levels left

rFire   . . .      SeeInvis .   b - +0 quarterstaff
rCold   . . .      Faith    .   (shield currently unavailable)
rNeg    . . .      Spirit   .   a - +0 robe
rPois   .          Reflect  .   (no helmet)
rElec   .          Harm     .   (no cloak)
rCorr   +          Rampage  .   (no gloves)
Will    .....                   (no boots)
Stlth   ++........              (no amulet)
HPRegen 0.11/turn               g - ring of resist corrosion
MPRegen 0.11/turn               (no ring)

@: no status effects
A: no striking features
a: no special abilities


You were on level 4 of the Dungeon.
You visited 1 branch of the dungeon, and saw 4 of its levels.

You collected 129 gold pieces.

Inventory:

Hand Weapons
 b - a +0 quarterstaff (weapon)
   (You found it on level 1 of the Dungeon)
Missiles
 f - 9 poisoned darts
Armour
 a - a +0 robe (worn)
 p - a +0 pair of gloves
   (You found it on level 3 of the Dungeon)
Jewellery
 g - a ring of resist corrosion (left hand)
   (You found it on level 2 of the Dungeon)
Scrolls
 c - a scroll of amnesia {unknown}
 d - a scroll of noise {unknown}
 e - a scroll of brand weapon {unknown}
 j - 3 scrolls of identify {unknown}
 l - a scroll of enchant armour {unknown}
 m - a scroll of immolation {unknown}
 o - a scroll of teleportation {unknown}
 r - a scroll of silence {unknown}
Potions
 h - a potion of cancellation {unknown}
 i - a potion of lignification {unknown}
 k - a potion of haste {unknown}
 n - 3 potions of ambrosia {unknown}
 q - a potion of magic {unknown}


   Skills:
 + Level 2.3 Staves
 - Level 2.0 Dodging
 - Level 2.0 Stealth
 - Level 2.0 Spellcasting
 * Level 5.7 Conjurations


You had 5 spell levels left.
You knew the following spells:

 Your Spells              Type           Power      Damage    Failure   Level
a - Magic Dart            Conj           92%        1d7       1%          1
b - Searing Ray           Conj           46%        2d6       2%          2

Your spell library contained the following spells:

 Spells                   Type           Power      Damage    Failure   Level
 Dazzling Flash           Conj/Hex       24%        N/A       16%         3
 Fulminant Prism          Conj/Hex       6%         3d7       45%         4
 Iskenderun's Mystic Bla  Conj/Tloc      12%        2d5       45%         4


Dungeon Overview and Level Annotations

Branches:
Dungeon (4/15)
 Temple: D:4-7

Altars:

Annotations:
D:4 1 runed translucent door


Message History

There is a stone staircase leading up here.
An orc wizard comes into view. It is wielding a +3 dagger.
Things that are here:
a +0 trident; an orc corpse An orc wizard is nearby!
A dart slug comes into view.
Okay, then.
The orc priest shouts!
The orc priest drinks a potion.
The orc priest flickers and vanishes!
Deactivating autopickup; reactivate with Ctrl-A.
Things that are here:
a +0 trident; an orc corpse The dart slug launches a dart at you.
The slug dart hits you.
There is a stone staircase leading up here.
You climb upwards.
Reactivating autopickup.
There is a stone staircase leading down here.
A stone staircase leading down.
You see here a rat skeleton.
There is a stone staircase leading down here.
You start resting.
You climb downwards.
Level annotation: 1 runed translucent door
Found four items.
There is a stone staircase leading up here.
An orc priest comes into view.
It is wielding a +2 whip of electrocution.
Found a fuming grey potion.
The orc shouts!
You hear an angry hiss.
A goblin comes into view. It is wielding a +0 dagger.
The orc priest shouts!
The goblin shouts!
Aim: an orc, wielding a +0 club (100% to hit)
The magic dart hits the orc.
A ball python comes into view.
The orc hits you with a +0 club.
Aim: an orc, wielding a +0 club (heavily wounded, 100% to hit)
Okay, then.
Aim: an orc priest, wielding a +2 whip of electrocution and wearing a +0 ring mail (81% to hit)
The searing ray hits the orc.
You kill the orc!
The searing ray hits the orc priest. (Press . to maintain the ray.)
A black bear comes into view.
Your Staves skill increases to level 2!
The searing ray hits the orc.
The searing ray hits the orc priest!
The orc completely misses you.
The searing ray hits the orc.
You kill the orc!
The searing ray hits the orc priest.
The goblin closely misses you.
The searing ray misses the orc priest.
The searing ray hits the ball python!
You kill the ball python!
You finish channelling your searing ray.
The goblin barely misses you. The orc priest misses you.
A jelly comes into view.
The goblin completely misses you. The orc priest barely misses you.
Unknown command.
You don't have enough magic to cast this spell.
The orc priest miscasts a cantrip.
There is a stone staircase leading up here.
The goblin closely misses you.
You climb upwards.
There is a stone staircase leading down here.
You hit the goblin. The goblin barely misses you.
You hit the goblin.
You kill the goblin!
You have reached level 5!
You see here a rat skeleton.
There is a stone staircase leading down here.
You start waiting.
Done waiting.
You climb downwards.
Level annotation: 1 runed translucent door
Found 15 gold pieces and 6 boomerangs.
There is a stone staircase leading up here.
Aim: an orc, wielding a +0 trident (asleep, 100% to hit)
The searing ray hits the orc.
The orc shouts! (Press . to maintain the ray.)
The orc closely misses you.
The searing ray hits the orc.
You kill the orc!
Restarting spell: Searing Ray (safe; 2% risk of failure)
Aim: a bullfrog skeleton (92% to hit)
The searing ray hits the bullfrog skeleton! (Press . to maintain the ray.)
The searing ray hits the bullfrog skeleton!
The bullfrog skeleton closely misses you.
The bullfrog skeleton hits you.
The searing ray hits the bullfrog skeleton!
The bullfrog skeleton closely misses you.
The searing ray hits the bullfrog skeleton!
You destroy the bullfrog skeleton!
You finish channelling your searing ray.
A kobold comes into view. It is wielding a +0 club.
A kobold is nearby!
A kobold is nearby!
You climb upwards.
There is a stone staircase leading down here.
Done exploring.
You climb downwards.
Level annotation: 1 runed translucent door
There is a stone staircase leading up here.
You see here 15 gold pieces.
An orc wizard is nearby!
An orc wizard is nearby!
An orc wizard is nearby!
The orc wizard shouts!
Aim: a kobold, wielding a +0 club (wandering, hasn't noticed you, 72% to hit)
The searing ray misses the kobold. (Press . to maintain the ray.)
The kobold shouts!
The searing ray hits the kobold.
You kill the kobold!
The orc wizard points at you and mumbles some strange words.
You are confused.
You are too confused!
Found an escape hatch in the floor.
The orc wizard hits you with a +3 dagger.
You closely miss the orc wizard.
The orc wizard hits you with a +3 dagger.
The orc wizard points at you and mumbles some strange words.
The magic dart hits you. The orc wizard closely misses you.
You hit the orc wizard.
The orc wizard hits you with a +3 dagger.
The orc wizard misses you.
You hit the orc wizard but do no damage.
The orc wizard hits you with a +3 dagger.
You hit the orc wizard but do no damage.
You feel less confused.
The orc wizard hits you with a +3 dagger.
* * * LOW HITPOINT WARNING * * *
Aim: an orc wizard, wielding a +3 dagger and wearing a +0 robe (moderately wounded, 72% to hit)
The searing ray misses the orc wizard.
The searing ray hits the dart slug. (Press . to maintain the ray.)
The orc wizard hits you with a +3 dagger.
* * * LOW HITPOINT WARNING * * *
The searing ray hits the orc wizard!
The searing ray hits the dart slug!
You kill the dart slug!
The orc wizard drinks a potion.
The orc wizard is healed!
The searing ray hits the orc wizard.
The orc wizard points at you and mumbles some strange words.
The magic dart hits you!
* * * LOW HITPOINT WARNING * * *
The searing ray hits the orc wizard.
You finish channelling your searing ray.
The orc wizard hits you with a +3 dagger.
You die...

........#......
..#
>.........#...####
## ...
.........#...<#
.....#
........##.....
......
.......#.!..###.
....!.
.$.....#†##.# #
...... .......#.(.
......
........o#######
......
........@).......
.J....
.........#####...
..†...
................#
.....#
.......).$......#
...##
.....###.#.......
### .....
#<..##..##
..........## ##
............
..........###


You could see an orc wizard.

Vanquished Creatures
  A bullfrog skeleton (D:4)
  An orc priest (D:4)
  2 adders
  2 dart slugs
  3 orcs (D:4)
  3 bats
  6 endoplasms
  3 giant cockroaches
  8 goblins
  2 hobgoblins
  A quokka (D:1)
  6 ball pythons
  A frilled lizard (D:1)
  4 kobolds
  A quokka skeleton (D:4)
  8 rats
52 creatures vanquished.

Notes
Turn   | Place    | Note
-------+----------+-------------------------------------------
     0 | D:1      | CryoSword the Human Conjurer began the quest for the Orb.
     0 | D:1      | Reached XP level 1. HP: 13/13 MP: 3/3
   405 | D:1      | Reached XP level 2. HP: 19/19 MP: 0/5
   408 | D:1      | Learned a level 2 spell: Searing Ray
  1280 | D:2      | Reached XP level 3. HP: 20/24 MP: 6/6
  1331 | D:2      | Reached skill level 1 in Staves
  1483 | D:2      | Found a faded altar of an unknown god.
  2136 | D:3      | Reached skill level 5 in Conjurations
  2139 | D:3      | Reached XP level 4. HP: 19/30 MP: 1/7
  2807 | D:4      | Found a runed translucent door.
  2961 | D:4      | Noticed a black bear
  2972 | D:3      | Reached XP level 5. HP: 33/35 MP: 2/8
  3223 | D:4      | Slain by an orc wizard

Illustrated notes

Levels and vault maps discovered:
D:1:      wander_arrival_estate, layout_loops_ring
D:2:      layout_loops_cross, dilly_ecumenical_altar_fadedgnrine, st_stairs_3
D:3:      layout_basic
D:4:      layout_rooms, ebering_ghost_reflecting_pool

Skill      XL: |  1  2  3  4 |
---------------+-------------+-----
Staves         | 1 2 |  2.3
Conjurations   | 5 |  5.7
Dodging        | |  2.0
Stealth        | |  2.0
Spellcasting   | |  2.0

Action                   |  1- 3 |  4- 6 || total
-------------------------+-------+-------++-------
Melee: Quarterstaff      |    37 |    13 ||    50
 Cast: Magic Dart        |    10 |     1 ||    11
       Searing Ray       |    15 |    13 ||    28
 Stab: Sleeping          |     4 |     1 ||     5
Armor: Robe              |     9 |     1 ||    10
Dodge: Dodged            |    33 |    19 ||    52
